 Dungeon Crawl Stone Soup version 0.26-a0-683-g5206c1d7ac (webtiles) character file.

Game seed: 7922709257573785069

44059 ICC the Covert (level 14, -13/72 HPs)
             Began as a Vine Stalker Wanderer on Oct 22, 2020.
             Was an Elder of Wu Jian.
             Killed from afar by a deep elf mage (25 damage)
             ... with a bolt of lightning
             ... on level 1 of the Elven Halls.
             The game lasted 01:23:28 (11319 turns).

ICC the Covert (Vine Stalker Wanderer)             Turns: 11319, Time: 01:23:28

Health: -13/72     AC: 17    Str: 26    XL:     14   Next: 27%
Magic:  0/37       EV: 19    Int: 17    God:    Wu Jian [****..]
Gold:   1578       SH: 11    Dex: 11    Spells: 25/31 levels left

rFire    . . .     SeeInvis .   a - +3 short sword (protect)
rCold    . . .     Faith    .   J - +2 buckler of Relativism {*Slow Str+3 Slay+3}
rNeg     + . .     Spirit   +   E - +0 robe of the Harvest {+Fly Str+3 Slay+3}
rPois    .         Reflect  +   x - +0 helmet
rElec    .         Harm     .   m - +0 cloak
rCorr    .         Rampage  .   F - +1 pair of gloves
MR       +....                  b - +1 pair of boots
Stlth    ++++++....             A - amulet of reflection
HPRegen  1.02/turn              e - +4 ring of evasion
MPRegen  0.25/turn              r - ring "Inen" {rN+ MP+9 Str+2}

@: exhausted, wereblooded, protection aura, studying 2 skills
A: fangs 3, regeneration 2, magic shield, antimagic bite, no potion heal 3, rot
immunity
a: Wall Jump, Serpent's Lash, Renounce Religion, Evoke Flight


You were on level 1 of the Elven Halls.
You worshipped Wu Jian.
Wu Jian was greatly pleased with you.
You visited 4 branches of the dungeon, and saw 16 of its levels.
You also visited: Bailey.

You collected 1989 gold pieces.
You spent 411 gold pieces at shops.

Inventory:

Hand Weapons
 a - a +3 short sword of protection (weapon)
Armour
 b - a +1 pair of boots (worn)
 k - a +2 chain mail of cold resistance
 m - a +0 cloak (worn)
 x - a +0 helmet (worn)
 E - the +0 robe of the Harvest (worn) {+Fly Str+3 Slay+3}
   (You found it on level 6 of the Dungeon)

   It affects your strength (+3).
   It affects your accuracy and damage with ranged weapons and melee attacks
   (+3).
   It lets you fly.
 F - a +1 pair of gloves (worn)
 H - a +0 crystal plate armour
 J - the +2 buckler of Relativism (worn) {*Slow Str+3 Slay+3}
   (You took it off a gnoll sergeant on level 8 of the Dungeon)

   It affects your strength (+3).
   It affects your accuracy and damage with ranged weapons and melee attacks
   (+3).
   It may slow you when you take damage.
 R - a scarf of invisibility
Jewellery
 e - a +4 ring of evasion (left hand)
 g - an uncursed ring of protection from fire
 r - the ring "Inen" (right hand) {rN+ MP+9 Str+2}
   (You took it off a gnoll on level 8 of the Dungeon)

   [ring of magical power]

   It affects your strength (+2).
   It protects you from negative energy.
   It affects your magic capacity (+9).
 w - an uncursed ring of poison resistance
 y - an uncursed ring of see invisible
 A - an amulet of reflection (around neck)
 D - an uncursed ring of flight
Wands
 n - a wand of enslavement (8)
 u - a wand of acid (12)
 G - a wand of iceblast (5)
Scrolls
 c - 9 scrolls of teleportation
 d - 3 scrolls of magic mapping
 f - 8 scrolls of enchant weapon
 j - 2 scrolls of fog {unknown}
 o - a scroll of immolation
 p - 6 scrolls of remove curse
 q - 3 scrolls of amnesia {unknown}
 s - 5 scrolls of enchant armour {unknown}
 v - 2 scrolls of fear {unknown}
 B - 2 scrolls of blinking
 I - a scroll of holy word
Potions
 h - a potion of might {unknown}
 i - a potion of curing
 l - a potion of magic
 t - 2 potions of brilliance
 z - 4 potions of flight
 C - a potion of resistance
 O - a potion of berserk rage
 Q - a potion of mutation
Books
 K - a manual of Necromancy
 N - a manual of Stealth
Miscellaneous
 L - a box of beasts (2/3)
 P - a condenser vane (1/2)


   Skills:
 + Level 7.4 Fighting
 * Level 10.4 Short Blades
 - Level 1.0 Throwing
 * Level 9.6 Armour
 + Level 6.7 Dodging
 * Level 14.8 Stealth
 - Level 4.0 Shields
 + Level 9.3 Spellcasting
   Level 2.0 Hexes
 - Level 8.0 Transmutations
   Level 2.0 Earth Magic


You had 25 spell levels left.
You knew the following spells:

 Your Spells              Type           Power        Failure   Level
a - Blink                 Tloc           N/A          14%         2
b - Magic Dart            Conj           #...         9%          1
p - Apportation           Tloc           #.....       9%          1
x - Wereblood             Tmut           #####...     1%          2

Your spell library contained the following spells:

 Spells                   Type           Power        Failure   Level
 Beastly Appendage        Tmut           #####.       1%          1
 Sting                    Tmut/Pois      ###.         1%          1
 Passwall                 Tmut/Erth      ###.....     1%          2
 Corona                   Hex            ##.....      4%          1
 Sandblast                Erth           ##....       4%          1
 Spider Form              Tmut/Pois      ###.......   5%          3
 Slow                     Hex            ##......     6%          2
 Animate Skeleton         Necr           #.....       9%          1
 Summon Small Mammal      Summ           #...         9%          1
 Ensorcelled Hibernation  Hex/Ice        ##....       9%          2
 Ignite Poison            Fire/Tmut/Pois ###.....     9%          3
 Blade Hands              Tmut           #####.....   10%         5
 Confusing Touch          Hex            ##......     12%         3
 Tukima's Dance           Hex            ##......     12%         3
 Petrify                  Tmut/Erth      ###.....     12%         4
 Call Imp                 Summ           #.......     14%         2
 Poisonous Vapours        Pois/Air       #.....       14%         2
 Ice Form                 Ice/Tmut       ###.....     17%         4
 Dazzling Flash           Conj/Hex       ##....       19%         3
 Stone Arrow              Conj/Erth      ##....       19%         3
 Conjure Flame            Conj/Fire      #.......     26%         3
 Gell's Gravitas          Tloc           #.........   26%         3
 Mephitic Cloud           Conj/Pois/Air  #.......     26%         3
 Yara's Violent Unravell  Hex/Tmut       ###.......   32%         5
 Olgreb's Toxic Radiance  Pois           #.......     65%         4
 Lee's Rapid Deconstruct  Erth           ##........   73%         5
 Metabolic Englaciation   Hex/Ice        ##........   86%         5


Dungeon Overview and Level Annotations

Branches:
Dungeon (12/15)            Temple (1/1) D:6            Lair (0/6) D:10
    Orc (2/2) D:12            Elf (1/3) Orc:2        Bailey (visited)

Altars:
Ashenzari
Cheibriados
Dithmenos
Elyvilon
Fedhas
Gozag
Hepliaklqana
Kikubaaqudgha
Makhleb
Nemelex Xobeh
Okawaru
Qazlal
Ru
Sif Muna
Trog
Uskayaw
Vehumet
Wu Jian
Xom
Yredelemnul
Zin
The Shining One

Shops:
D:8 =   D:10 [   D:11 }   Orc:2 =*(

Annotations:
D:11 2 transporters, PirateVox's ghost, journeyman GnVM


Innate Abilities, Weirdness & Mutations

You have razor-sharp teeth.
You heal very quickly.
When hurt, damage is shared between your health and your magic reserves.
Your bite disrupts and absorbs the magic of your enemies.
Potions cannot restore your health.
You are immune to rotting.


Message History

The fire elemental hits you. The fire elemental burns you!
* * * LOW HITPOINT WARNING * * *
You spin and attack the deep elf mage repeatedly.
You puncture the deep elf mage!
The deep elf mage is heavily wounded.
You hit the deep elf mage but do no damage.
The deep elf mage is heavily wounded.
You hear a shout!
The deep elf mage casts a spell.
The deep elf mage blinks!
You spin and attack the fire elemental repeatedly.
You puncture the fire elemental! Your bite misses the fire elemental.
The fire elemental is heavily damaged.
You completely miss the fire elemental. You bite the fire elemental!
You destroy the fire elemental!
The Council accepts your kill.
You howl as the wereblood boils in your veins!
The deep elf mage points at you and mumbles some strange words.
The bolt of lightning hits you!!
You die...

#.......#.# #..##...
..........## ##''#...##
...........# #........#
........... #e...))..#
........... #...)....#
#......##.# ###.....)..#
#.#....# .# #.##°..#''##
##..)..#. #...§.##..#
#.......# #.##@##....#
###...### #....# .....#
##.....## #.##.# .....#
##.......####....##...e##
#.........##..##.# .?##
'.........'......#####
#.........####.......#
##.......# ##....#.#
###.....## #....#.#


You could see a deep elf mage.

Vanquished Creatures
  Kirke (Elf:1)
  An orc warlord (Orc:2)
  A deep elf elementalist (Elf:1)
  A stone giant (Orc:2)
  Nessos (Orc:2)
  A deep elf demonologist (Elf:1)
  The ghost of flt the Thrower, a novice OgHu of Ru (D:8)
  A boulder beetle (D:11)
  4 two-headed ogres
  2 dancing weapons (Elf:1)
  2 orc high priests (Orc:2)
  A deep elf knight (Elf:1)
  4 skeletal warriors (D:12)
  Nergalle (D:10)
  An unseen horror (D:12)
  14 deep elf magi (Elf:1)
  4 orc knights
  A cyclops (D:11)
  3 orc sorcerers (Orc:2)
  An elephant (D:10)
  2 gargoyles (D:12)
  A komodo dragon (D:10)
  2 centaur skeletons (D:11)
  5 trolls
  A shadow (D:11)
  A wyvern (D:10)
  A wraith (D:10)
  A human (Elf:1)
  A fire elemental (Elf:1)
  19 yaks
  2 hogs (Elf:1)
  A basilisk (D:10)
  5 wargs
  A water moccasin (D:9)
  A hornet zombie (D:6)
  4 sky beasts
  36 orc warriors
  4 black bears
  2 phantoms
  5 centaurs
  14 ogres
  2 big kobolds
  8 bullfrogs
  An earth elemental (Elf:1)
  2 gnoll sergeants (D:8)
  2 water moccasin zombies
  5 scorpions
  9 killer bees
  17 wights
  3 howler monkeys
  A bullfrog zombie (D:7)
  A jelly (D:8)
  2 bullfrog skeletons
  8 hounds
  12 orc priests
  5 centaur zombies
  A gnoll shaman (D:8)
  Ijyb (D:4)
  32 orc wizards
  6 iguanas
  10 worker ants
  A hound zombie (D:8)
  A hound skeleton (D:7)
  2 worker ant zombies
  9 gnolls
  10 adders
  2 white imps
  An ufetubus (D:7)
  An ooze (D:5)
  An adder skeleton (D:9)
  An adder zombie (D:8)
  3 worms
  A dart slug (D:3)
  8 leopard geckos
  82 orcs
  10 giant cockroaches
  9 goblins
  4 hobgoblins
  16 jackals
  5 quokkas
  2 ball pythons
  2 bats (D:1)
  2 frilled lizards
  A jackal zombie (D:8)
  19 kobolds
  A quokka skeleton (D:4)
  10 rats
487 creatures vanquished.

Vanquished Creatures (others)
  An orc priest (D:4)
  A gnoll (D:8)
  10 fungi
  10 plants
22 creatures vanquished.

Grand Total: 509 creatures vanquished

Notes
Turn   | Place    | Note
-------+----------+-------------------------------------------
     0 | D:1      | ICC the Vine Stalker Wanderer began the quest for the Orb.
     0 | D:1      | ICC set off with the following items: a +0 club, a potion
                  | of lignification, a scroll of teleportation, a +0 robe; and
                  | the following spell memorised: Magic Dart; and the
                  | following spells available to memorise: Slow, Blink, Call
                  | Imp, Conjure Flame, Mephitic Cloud
     0 | D:1      | Reached XP level 1. HP: 9/9 MP: 6/6
    91 | D:1      | Reached XP level 2. HP: 9/14 MP: 6/8
   246 | D:1      | Reached skill level 1 in Armour
   583 | D:1      | Reached XP level 3. HP: 13/17 MP: 7/10
   965 | D:2      | Learned a level 2 spell: Blink
  1004 | D:2      | Reached skill level 1 in Fighting
  1008 | D:2      | Found a sparkling altar of Nemelex Xobeh.
  1156 | D:2      | Reached skill level 1 in Short Blades
  1257 | D:2      | Gained mutation: Your natural rate of healing is unusually
                  | fast. [Vine Stalker growth]
  1257 | D:2      | Reached XP level 4. HP: 20/22 MP: 11/11
  1524 | D:2      | Reached skill level 1 in Dodging
  1924 | D:3      | Reached XP level 5. HP: 25/25 MP: 13/13
  2577 | D:4      | Reached XP level 6. HP: 9/30 MP: 5/14
  2671 | D:4      | Reached skill level 5 in Spellcasting
  2728 | D:4      | Reached XP level 7. HP: 16/35 MP: 10/15
  2802 | D:4      | Found a hide-covered altar of Uskayaw.
  2803 | D:4      | Found a sparkling altar of Nemelex Xobeh.
  2857 | D:4      | Found a sacrificial altar of Ru.
  3035 | D:4      | Found a broken altar of Ashenzari.
  3118 | D:4      | Noticed Ijyb
  3142 | D:4      | Killed Ijyb
  3284 | D:4      | Found a stormy altar of Qazlal.
  3379 | D:5      | Entered Level 5 of the Dungeon
  3399 | D:5      | Found a hazy altar of Hepliaklqana.
  3517 | D:5      | Gained mutation: You have razor-sharp teeth. [Vine Stalker
                  | growth]
  3517 | D:5      | Reached XP level 8. HP: 39/39 MP: 17/17
  4363 | D:6      | Reached skill level 5 in Short Blades
  4397 | D:6      | Found a staircase to the Ecumenical Temple.
  4405 | Temple   | Entered the Ecumenical Temple
  4638 | Temple   | Became a worshipper of the Wu Jian Council
  4652 | D:6      | Learned a level 1 spell: Apportation
  4655 | D:6      | Learned a level 2 spell: Wereblood
  4780 | D:6      | Got a shimmering robe
  4790 | D:6      | Identified the cursed +0 robe of the Harvest {+Fly Str+3
                  | Slay+3} (You found it on level 6 of the Dungeon)
  4929 | D:7      | Reached XP level 9. HP: 44/44 MP: 19/19
  5017 | D:7      | Reached skill level 1 in Transmutations
  5223 | D:7      | Reached skill level 5 in Armour
  5509 | D:7      | Found a sacrificial altar of Ru.
  5754 | D:8      | Found a transporter.
  5754 | D:8      | Found a transporter.
  5757 | D:8      | Identified the +1 ring mail "Dybry" {Harm +Blink MR-
                  | Slay-2}
  5757 | D:8      | Identified the +2 buckler of Relativism {*Slow Str+3
                  | Slay+3}
  5777 | D:8      | Identified the ring "Inen" {rN+ MP+9 Str+2}
  5867 | D:8      | Reached * piety under Wu Jian
  5980 | D:8      | Found Zedweu Amie's Jewellery Shoppe.
  6281 | D:8      | Noticed flt's ghost (novice OgHu)
  6387 | D:8      | Killed flt's ghost
  6387 | D:8      | Reached XP level 10. HP: 25/51 MP: 21/21
  6641 | D:9      | Found a glowing golden altar of the Shining One.
  6667 | D:9      | Reached ** piety under Wu Jian
  6728 | D:9      | Reached skill level 1 in Shields
  6774 | D:9      | Found a flagged portal.
  6792 | Bailey   | Entered a bailey
  7068 | Bailey   | Noticed an orc knight
  7087 | Bailey   | Killed an orc knight
  7087 | Bailey   | Reached skill level 5 in Transmutations
  7145 | Bailey   | Reached *** piety under Wu Jian
  7247 | D:9      | Reached skill level 5 in Fighting
  7252 | D:9      | Reached skill level 2 in Stealth
  7338 | D:9      | Reached XP level 11. HP: 45/55 MP: 22/22
  7344 | D:9      | Reached skill level 3 in Stealth
  7601 | D:9      | Reached skill level 4 in Stealth
  7701 | D:9      | Found a white marble altar of Elyvilon.
  7745 | D:10     | Entered Level 10 of the Dungeon
  7852 | D:10     | Noticed a two-headed ogre
  7861 | D:10     | Killed a two-headed ogre
  7861 | D:10     | Reached skill level 5 in Stealth
  7923 | D:10     | Reached skill level 6 in Stealth
  7938 | D:10     | Found a staircase to the Lair.
  8016 | D:10     | Noticed a two-headed ogre
  8018 | D:10     | Reached **** piety under Wu Jian
  8020 | D:10     | Found Buwul's Armour Shoppe.
  8025 | D:10     | Killed a two-headed ogre
  8025 | D:10     | Reached skill level 7 in Stealth
  8222 | D:10     | Noticed Nergalle
  8231 | D:10     | Reached skill level 5 in Dodging
  8243 | D:10     | Killed Nergalle
  8324 | D:11     | Noticed a wolf spider
  8332 | D:11     | Reached skill level 8 in Stealth
  8381 | D:11     | Gained mutation: You heal very quickly. [Vine Stalker
                  | growth]
  8381 | D:11     | Reached XP level 12. HP: 60/60 MP: 24/24
  8440 | D:11     | Found a transporter.
  8449 | D:11     | Noticed PirateVox's ghost (journeyman GnVM)
  8455 | D:11     | Found Paorried's Gadget Emporium.
  8559 | D:11     | Noticed a boulder beetle
  8577 | D:11     | Reached skill level 9 in Stealth
  8682 | D:11     | Killed a boulder beetle
  8949 | D:11     | Found a transporter.
  9139 | D:12     | Found a staircase to the Orcish Mines.
  9154 | D:12     | Noticed a two-headed ogre
  9196 | D:12     | Killed a two-headed ogre
  9371 | D:12     | Noticed a two-headed ogre
  9375 | D:12     | Reached ***** piety under Wu Jian
  9375 | D:12     | Reached skill level 10 in Stealth
  9424 | D:12     | Killed a two-headed ogre
  9579 | D:12     | Reached skill level 11 in Stealth
  9790 | Orc:1    | Entered Level 1 of the Orcish Mines
 10229 | Orc:2    | Entered Level 2 of the Orcish Mines
 10235 | Orc:2    | Found Vafil's General Store.
 10236 | Orc:2    | Found Onifrixoaf's Antique Weapon Shop.
 10238 | Orc:2    | Reached XP level 13. HP: 64/65 MP: 26/26
 10239 | Orc:2    | Noticed Nessos
 10243 | Orc:2    | Noticed an orc warlord
 10247 | Orc:2    | Killed Nessos
 10264 | Orc:2    | Reached skill level 12 in Stealth
 10283 | Orc:2    | Noticed a stone giant
 10286 | Orc:2    | Killed an orc warlord
 10293 | Orc:2    | Killed a stone giant
 10301 | Orc:2    | Found Rupti Waacw's Antique Armour Boutique.
 10379 | Orc:2    | Bought a scroll of enchant weapon for 120 gold pieces
 10450 | Orc:2    | Found a staircase to the Elven Halls.
 10511 | Orc:2    | Found Diph's Jewellery Emporium.
 10531 | Orc:2    | Reached skill level 13 in Stealth
 10561 | Orc:2    | Bought a cursed amulet of inaccuracy for 22 gold pieces
 10561 | Orc:2    | Bought a cursed ring of attention for 49 gold pieces
 10561 | Orc:2    | Bought an uncursed ring of poison resistance for 220 gold
                  | pieces
 10923 | Elf:1    | Entered Level 1 of the Elven Halls
 10953 | Elf:1    | Found a radiant altar of Vehumet.
 10967 | Elf:1    | Reached skill level 10 in Short Blades
 11014 | Elf:1    | Noticed a deep elf elementalist
 11026 | Elf:1    | Killed a deep elf elementalist
 11027 | Elf:1    | Reached skill level 14 in Stealth
 11027 | Elf:1    | Reached XP level 14. HP: 44/72 MP: 26/28
 11192 | Elf:1    | Identified the cursed +1 dire flail of Fate {freeze, rElec
                  | rC+}
 11192 | Elf:1    | Noticed a deep elf demonologist
 11196 | Elf:1    | Killed a deep elf demonologist
 11247 | Elf:1    | Noticed Kirke
 11263 | Elf:1    | Killed Kirke
 11306 | Elf:1    | Noticed a deep elf annihilator
 11319 | Elf:1    | Killed from afar by a deep elf mage

Illustrated notes

Levels and vault maps discovered:
D:1:      evilmike_arrival_crescent, layout_basic, minmay_heptomino_o4
D:2:      cheibrodos_old_hovel, layout_loops_ring, kennysheep_path_1,
          hangedman_decor_clover_reticule, nemelex_lonely_heart_becter
D:3:      layout_basic
D:4:      layout_loops_ring, gammafunk_temple_overflow_statue,
          grunt_qazlal_clouds, lemuel_doored_altar,
          nicolae_ru_sacrificial_ziggurat, uniq_ijyb
D:5:      layout_rooms, kennysheep_mini_moat, hangedman_glass_garden
D:6:      layout_gridville, minmay_temple_entry_offerings, serial_bayou_crossing
D:7:      layout_basic, marbit_many_paths
D:8:      layout_gridville, gammafunk_ghost_gnarly_gnolls, serial_shops,
          nicolae_shop_temple_entry_statues_fountains, minmay_door_square,
          chequers_serial_rivers_micro_b, minmay_manual_mares
D:9:      layout_roguey, lemuel_coloured_pillars_altar, lemuel_round_altar,
          enter_bailey_8
D:10:     layout_rooms, david_lair_generic, serial_shops, shop, uniq_nergalle
D:11:     cheibrodos_helix_gallery, layout_cave_pools,
          gammafunk_ghost_berserking_beasts, serial_shops, shop,
          grunt_ministairs_2
D:12:     layout_roguey, orc_0_dummy, minmay_misc_feat_enclosed
Temple:   dpeg_chambers_temple
Orc:1:    layout_caves
Orc:2:    grunt_orc_gardens, layout_caves, grunt_orc_garden, grunt_orc_garden,
          grunt_orc_garden, grunt_orc_garden, uniq_nessos
Elf:1:    eino_elf_arrival_altar, layout_loops_corners, hangedman_elf_represent,
          minivault_13, uniq_kirke

Skill      XL: |  1  2  3  4  5  6  7  8  9 10 11 12 13 |
---------------+----------------------------------------+-----
Armour         | 1 2 3 4 5 6 7 8 9 |  9.6
Fighting       | 1 2 3 4 5 6 7 |  7.4
Short Blades   | 1 2 3 4 5 6 7 8 9 10 | 10.4
Dodging        | 1 2 3 4 5 6 |  6.7
Spellcasting   | 5 6 7 8 9 |  9.3
Transmutations | 4 5 6 7 8 |  8.0
Shields        | 2 4 |  4.0
Stealth        | 2 8 11 14 | 14.8
Throwing       | |  1.0
Hexes          | |  2.0
Earth Magic    | |  2.0

Action                   |  1- 3 |  4- 6 |  7- 9 | 10-12 | 13-15 || total
-------------------------+-------+-------+-------+-------+-------++-------
Melee: Dagger            |   108 |       |       |       |       ||   108
       Bite              |    19 |    30 |   128 |   289 |   106 ||   572
       Short sword       |    59 |   206 |   444 |   473 |   343 ||  1525
       Rapier            |       |       |       |   251 |       ||   251
 Cast: Wereblood         |       |       |     1 |    22 |     7 ||    30
Invok: Lunge             |       |       |    23 |    61 |    30 ||   114
       Whirlwind         |       |       |     4 |    56 |   122 ||   182
       Serpent's Lash    |       |       |       |     2 |     7 ||     9
       Heavenly Storm    |       |       |       |     1 |       ||     1
 Abil: Evoke Flight      |       |       |       |     1 |       ||     1
       Wall Jump         |       |       |       |     1 |     2 ||     3
Evoke: Wand              |       |       |     4 |     4 |       ||     8
       Condenser vane    |       |       |       |     1 |     1 ||     2
       Box of beasts     |       |       |       |       |     1 ||     1
  Use: Potion            |     1 |     1 |     1 |       |       ||     3
       Scroll            |       |       |     9 |     7 |     4 ||    20
 Stab: Sleeping          |     4 |       |     2 |     9 |     1 ||    16
       Invisible         |       |     3 |       |       |       ||     3
       Distracted        |       |       |       |     1 |       ||     1
Armor: Skin              |    36 |       |       |       |       ||    36
       Robe              |    37 |       |    28 |    28 |     5 ||    98
       Scale mail        |       |    77 |    24 |       |       ||   101
       Plate armour      |       |       |   130 |    36 |       ||   166
       Crystal plate arm |       |       |       |    57 |    40 ||    97
Dodge: Dodged            |   128 |   134 |   214 |   186 |    39 ||   701
Block: Buckler           |       |       |     1 |   209 |    73 ||   283
       Reflection        |       |       |       |    16 |     4 ||    20

Table legend: (Time is in decaauts)
 A = Elapsed time spent in this place.
 B = Non-inter-level travel time spent in this place.
 C = Inter-level travel time spent in this place.
 D = Time resting spent in this place.
 E = Time spent auto-exploring this place.
 F = Levels seen in this place.
 G = Mean time per level.
                   A        B        C        D        E       F      G
               +--------+--------+--------+--------+--------+-----+--------+
         Total |  11086 |  10499 |    587 |     37 |   7429 |  17 |  652.1 |
       Dungeon |   8994 |   8484 |    510 |     37 |   5985 |  12 |  749.5 |
        Temple |    241 |    215 |     26 |      0 |    207 |   1 |  241.0 |
  Orcish Mines |   1110 |   1060 |     50 |      0 |    840 |   2 |  555.0 |
   Elven Halls |    367 |    367 |      0 |      0 |    203 |   1 |  367.0 |
        Bailey |    371 |    371 |      0 |      0 |    194 |   1 |  371.0 |
               +--------+--------+--------+--------+--------+-----+--------+

Top non-repeatable levels by time:
     D:1: 954 daAuts
     D:4: 862 daAuts
     D:6: 858 daAuts
     D:9: 855 daAuts
     D:8: 852 daAuts
     D:2: 838 daAuts
    D:12: 733 daAuts
     D:3: 720 daAuts
     D:7: 700 daAuts
   Orc:2: 674 daAuts
    D:11: 664 daAuts
    D:10: 528 daAuts
   Orc:1: 436 daAuts
     D:5: 426 daAuts
  Bailey: 371 daAuts
